 Dungeon Crawl Stone Soup version 0.30-a0-377-g5cb311bc9f (webtiles) character file.

Game seed: 17982263918441422765

139 LnG the Sneak (level 5, 0/24 (28) HPs)
             Began as a Kobold Summoner on Nov 30, 2022.
             Slain by a hell rat (5 damage)
             ... in a sewer.
             The game lasted 00:07:24 (3141 turns).

LnG the Sneak (Kobold Summoner)                     Turns: 3141, Time: 00:07:24

HP:   0/24 (28)     AC:  4    Str:  5    XL:     5   Next: 46%
MP:   13/17         EV: 15    Int: 19    God:
Gold: 203           SH:  0    Dex: 15    Spells: 0/9 levels left

rFire   . . .      SeeInvis .    d - +0 short sword
rCold   . . .      Faith    .    (no shield)
rNeg    . . .      Spirit   .    a - +0 robe
rPois   .          Reflect  .    h - +0 helmet
rElec   .          Harm     .    (no cloak)
rCorr   .          Rampage  .    (no gloves)
Will    .....                    i - +0 pair of boots
Stlth   ++++......               (no amulet)
HPRegen 0.24/turn                n - ring of magical power
MPRegen 0.15/turn                (no ring)

@: heavily drained
A: small, no large weapons, nightstalker 3
a: no special abilities


You were in a sewer.
You visited 1 branch of the dungeon, and saw 3 of its levels.
You also visited: Sewer.

You collected 203 gold pieces.

Inventory:

Hand Weapons
 d - a +0 short sword (weapon)
Armour
 a - a +0 robe (worn)
 h - a +0 helmet (worn)
 i - a +0 pair of boots (worn)
Jewellery
 n - a ring of magical power (left hand)
Scrolls
 e - 4 scrolls of teleportation
 g - a scroll of magic mapping {unknown}
 j - 3 scrolls of identify {unknown}
 l - a scroll of fear {unknown}
 o - a scroll of enchant armour {unknown}
Potions
 b - a potion of magic
 c - a potion of berserk rage {unknown}
 f - a potion of brilliance {unknown}
 k - a potion of ambrosia {unknown}
 m - a potion of invisibility {unknown}
 p - a potion of lignification {unknown}
 q - a potion of haste {unknown}


   Skills:
 + Level 0.7 Fighting
 + Level 1.8 Short Blades
 * Level 3.5 Dodging
 * Level 4.9 Stealth
 + Level 2.6 Spellcasting
 + Level 4.5 Summonings


You couldn't memorise any spells.
You knew the following spells:

 Your Spells              Type           Power      Damage    Failure   Level
a - Summon Small Mammal   Summ           76%        N/A       2%          1
b - Call Imp              Summ           19%        N/A       3%          2
c - Call Canine Familiar  Summ           19%        N/A       8%          3
d - Summon Guardian Gole  Hex/Summ       11%        N/A       19%         3

Your spell library contained the following spells:

 Spells                   Type           Power      Damage    Failure   Level
 Kiss of Death            Conj/Necr      8%         2d6       16%         1
 Ensorcelled Hibernation  Hex/Ice        4%         N/A       24%         2
 Passwall                 Tmut/Erth      1%         N/A       24%         2
 Confusing Touch          Hex            2%         N/A       43%         3
 Gell's Gravitas          Tloc           2%         N/A       43%         3
 Swiftness                Air            2%         N/A       43%         3
 Teleport Other           Tloc           2%         N/A       43%         3
 Summon Lightning Spire   Summ/Air       11%        N/A       52%         4
 Dispel Undead            Necr           2%         3d7       85%         4
 Dispersal                Tloc           1%         N/A       100%        6


Dungeon Overview and Level Annotations

Branches:
Dungeon (3/15)              Sewer (1/1)

Altars:

Annotations:
D:3 1 runed translucent door, Crazy Yiuf


Innate Abilities, Weirdness & Mutations

You are small and have problems with some larger weapons.
You are completely attuned to the shadows.


Message History

You puncture the river rat!
You kill the river rat!
You enter the shallow water.
Moving in this stuff is going to be slow.
You enter the shallow water.
Moving in this stuff is going to be slow.
You open the door.
A hell rat comes into view.
Found five items.
There is an open door here.
You enter the shallow water.
Moving in this stuff is going to be slow.
Found 2 pink potions and a scroll labelled HOXI JEMISM.
Found a gate leading back out of this place.
There is an open door here.
The hell rat bites you but does no damage.
Casting: Call Canine Familiar (quite dangerous; 8% risk of failure)
Confirm with . or Enter, or press ? or * to list all spells.
The spell is quite dangerous to miscast (8% risk of failure)!
Continue anyway?
The hell rat bites you.
You feel drained.
You closely miss the hell rat. The hell rat bites you!
You feel drained.
Your hound splashes around in the water.
Casting: Call Canine Familiar (quite dangerous; 8% risk of failure)
Confirm with . or Enter, or press ? or * to list all spells.
A beastly little devil appears in a puff of frigid air.
Your hound barely misses the hell rat.
The hell rat bites you!
* * * LOW HITPOINT WARNING * * *
You feel drained.
* * * LOW HITPOINT WARNING * * *
You closely miss the hell rat.
Your hound splashes around in the water.
The hell rat closely misses you.
Your hound bites the hell rat.
You barely miss the hell rat.
The hell rat is moderately wounded.
Your white imp barely misses the hell rat.
The hell rat barely misses you.
Your hound barely misses the hell rat.
You barely miss the hell rat.
The hell rat is lightly wounded.
The hell rat bites you.
You die...

#####
###.~~###
#~~...†.#
##..~...~##
#~..###~~~#
##~~##.##.†##
#~..#..~#~~.#
#.@##~.?##~†#
#~r#~~~!?#..#
#~h5~~~!∩#∩∩#
#~~#~~~!!#~~#
#.~##~.?##.~#
#†..#~..#~~.#
##..##.##.~##
#...###..~#
##...~.~~##


You could see a hell rat (ally target), a friendly hound (summoned) and a
friendly white imp (summoned).

Vanquished Creatures
  2 river rats (Sewer)
  A worm (D:3)
  A dart slug (D:1)
  An orc (D:3)
  3 ball pythons
  An endoplasm (D:3)
  2 giant cockroaches
  2 hobgoblins
  2 jackals (D:2)
  3 kobolds
  A quokka (D:1)
  3 bats
  5 frilled lizards
  8 rats
35 creatures vanquished.

Vanquished Creatures (collateral kills)
  An orc priest (D:2)
  4 river rats (Sewer)
  An orc (D:2)
  5 endoplasms (D:1)
  2 goblins (D:1)
  3 hobgoblins (D:1)
  A rat (D:1)
17 creatures vanquished.

Grand Total: 52 creatures vanquished

Notes
Turn   | Place    | Note
-------+----------+-------------------------------------------
     0 | D:1      | LnG the Kobold Summoner began the quest for the Orb.
     0 | D:1      | Reached XP level 1. HP: 10/10 MP: 3/3
   300 | D:1      | Reached XP level 2. HP: 8/15 MP: 0/5
   303 | D:1      | Learned a level 2 spell: Call Imp
   884 | D:1      | Reached XP level 3. HP: 11/19 MP: 3/6
   888 | D:1      | Learned a level 3 spell: Call Canine Familiar
  2460 | D:2      | Reached skill level 1 in Short Blades
  2460 | D:2      | Reached XP level 4. HP: 12/24 MP: 7/7
  2805 | D:3      | Found a runed translucent door.
  2808 | D:3      | Noticed Crazy Yiuf
  2901 | D:3      | Found a glowing drain.
  2907 | Sewer    | Entered a sewer
  2928 | Sewer    | Reached XP level 5. HP: 25/28 MP: 8/8
  3085 | Sewer    | Learned a level 3 spell: Summon Guardian Golem
  3141 | Sewer    | Slain by a hell rat

Illustrated notes

Levels and vault maps discovered:
D:1:      saegor_arrival_miasma, layout_basic, serial_glass, glass_columns_c,
          glass_columns_a, glass_columns_c, glass_columns_a, glass_columns_a,
          glass_columns_a, glass_columns_a, glass_columns_c, glass_columns_c,
          glass_columns_c, glass_columns_c, glass_columns_c, glass_columns_b,
          glass_columns_a, due_unseen_surprise, item_on_display_b
D:2:      layout_basic
D:3:      layout_rooms, cheibrodos_sewer_entry_bend, kennysheep_nub,
          uniq_crazy_yiuf_cottage
Sewer:    sewer_hellmonk_bad_rat

Skill      XL: |  1  2  3 |
---------------+----------+-----
Stealth        | 3 4 |  4.9
Short Blades   | 1 |  1.8
Dodging        | 3 |  3.5
Fighting       | |  0.7
Spellcasting   | |  2.6
Summonings     | |  4.5

Action                   |  1- 3 |  4- 6 || total
-------------------------+-------+-------++-------
Melee: Short sword       |    67 |    63 ||   130
       Punch             |     1 |     1 ||     2
 Cast: Summon Small Mamm |    11 |       ||    11
       Call Imp          |     6 |     2 ||     8
       Call Canine Famil |     3 |     5 ||     8
  Use: Scroll            |     2 |       ||     2
 Stab: Sleeping          |    18 |     5 ||    23
       Distracted        |       |     1 ||     1
Armor: Robe              |     9 |    10 ||    19
Dodge: Dodged            |    44 |    40 ||    84

Table legend: (Time is in decaauts)
 A = Elapsed time spent in this place.
 B = Non-inter-level travel time spent in this place.
 C = Inter-level travel time spent in this place.
 D = Time resting spent in this place.
 E = Time spent auto-exploring this place.
 F = Levels seen in this place.
 G = Mean time per level.
                   A        B        C        D        E       F      G
               +--------+--------+--------+--------+--------+-----+--------+
         Total |   3147 |   3096 |     51 |    296 |   2221 |   4 |  786.8 |
       Dungeon |   2907 |   2856 |     51 |    173 |   2220 |   3 |  969.0 |
         Sewer |    240 |    240 |      0 |    123 |      1 |   1 |  240.0 |
               +--------+--------+--------+--------+--------+-----+--------+

Top non-repeatable levels by time:
     D:2: 1215 daAuts
     D:1: 1182 daAuts
     D:3: 509 daAuts
   Sewer: 240 daAuts
